 Seeded DCSS version 0.30-a0-760-g5a9884bb7c (webtiles) character file.

Game seed: 5430720872467839093 (custom seed)

2088 Hubris850 the Conjurer (level 9, -1/62 HPs)
             Began as an Octopode Conjurer on Feb 10, 2023.
             Was a Follower of Vehumet.
             Slain by a two-headed ogre
             ... wielding a +0 giant spiked club
              (27 damage)
             ... on level 6 of the Dungeon.
             The game lasted 00:14:41 (5228 turns).

Hubris850 the Conjurer (Octopode Conjurer)          Turns: 5228, Time: 00:14:42

Health: -1/62      AC:  1    Str: 10    XL:     9   Next: 27%
Magic:  9/18       EV: 18    Int: 36    God:    Vehumet [*.....]
Gold:   210        SH:  5    Dex:  8    Spells: 15/20 levels left

rFire   . . .      SeeInvis .    b - +0 staff of Battle
rCold   + . .      Faith    .    (no shield)
rNeg    + . .      Spirit   .    (helmet restricted)
rPois   .          Reflect  +    l - amulet "Gegeju Zosk" {Reflect rElec Dex-3 Slay+5 SH+5 Stlth+}
rElec   +          Harm     .    i - +6 ring of strength
rCorr   .          Rampage  .    j - ring of protection from cold
Will    .....                    u - +6 ring of intelligence
Stlth   ++++                     v - ring of Youthful Indiscretion {EV+5 Str-2 Int+8}
HPRegen 0.30/turn                D - ring of positive energy
MPRegen 0.16/turn                (no ring)
                                 (no ring)
                                 (no ring)

@: studying Fighting
A: almost no armour, amphibious, 8 rings, camouflage 1, gelatinous body 1,
(nimble swimmer 1), tentacles, dopey 1
a: Renounce Religion


You were on level 6 of the Dungeon.
You worshipped Vehumet.
Vehumet was aware of your devotion.
You visited 2 branches of the dungeon, and saw 7 of its levels.

You collected 210 gold pieces.

Inventory:

Hand Weapons
 a - the +3 short sword of the Manifold Quests {flame, rElec Int+5}
   (You found it on level 3 of the Dungeon)

   Int:       It affects your intelligence (+5).
   rElec:     It insulates you from electricity.
 b - the +0 staff of Battle (weapon)
   (You acquired it on level 3 of the Dungeon)

   It enhances your conjuration magic.
   It summons a battlesphere in combat, with strength depending on Conjurations
   skill.
   Its strikes trigger the battlesphere's blasts.
 h - a +0 short sword of protection
Missiles
 r - a throwing net
 y - 5 poisoned darts
Jewellery
 i - a +6 ring of strength (left tentacle)
 j - a ring of protection from cold (right tentacle)
 l - an amulet "Gegeju Zosk" (around mantle) {Reflect rElec Dex-3 Slay+5 SH+5 Stlth+}
   (You acquired it on level 3 of the Dungeon)

   [amulet of reflection]

   It reflects blocked missile attacks.
   Dex:       It affects your dexterity (-3).
   Slay:      It affects your accuracy & damage with ranged weapons and melee
   (+5).
   rElec:     It insulates you from electricity.
   SH:        It affects your SH (+5).
   Stlth:     It makes you more stealthy.
 u - a +6 ring of intelligence (on tentacle)
 v - the ring of Youthful Indiscretion (on tentacle) {EV+5 Str-2 Int+8}
   (You acquired it on level 3 of the Dungeon)

   [ring of evasion]

   EV:        It affects your evasion (+5).
   Str:       It affects your strength (-2).
   Int:       It affects your intelligence (+8).
 D - a ring of positive energy (on tentacle)
Wands
 o - a wand of mindburst (22)
 t - a wand of quicksilver (2)
 E - a wand of roots (5)
Scrolls
 c - a scroll of fog {unknown}
 e - 2 scrolls of amnesia
 g - 2 scrolls of immolation {unknown}
 k - 3 scrolls of enchant armour {unknown}
 q - 2 scrolls of magic mapping {unknown}
 s - a scroll of silence {unknown}
 w - 2 scrolls of identify
 z - a scroll of poison {unknown}
 A - 3 scrolls of teleportation
 B - a scroll of blinking {unknown}
 C - a scroll of butterflies {unknown}
 G - a scroll of enchant weapon {unknown}
Potions
 d - 2 potions of attraction
 f - 6 potions of curing
 m - a potion of lignification
 n - 2 potions of magic
 p - a potion of brilliance {unknown}
 x - 2 potions of berserk rage
 F - a potion of resistance {unknown}


   Skills:
 + Level 6.1 Fighting
 - Level 1.4 Short Blades
 + Level 4.6 Staves
 - Level 2.0 Dodging
 - Level 2.6 Stealth
 + Level 6.4 Spellcasting
 + Level 7.9 Conjurations
 + Level 1.4 Air Magic


You had 15 spell levels left.
You knew the following spells:

 Your Spells              Type           Power      Damage    Failure   Level
a - Magic Dart            Conj           100%       1d8       1%          1
b - Searing Ray           Conj           100%       2d8       1%          2
c - Static Discharge      Conj/Air       100%       2-7/arc   1%          2

Your spell library contained the following spells:

 Spells                   Type           Power      Damage    Failure   Level
 Foxfire                  Conj/Fire      100%       2x1d9     1%          1
 Dazzling Flash           Conj/Hex       100%       N/A       1%          3
 Flame Wave               Conj/Fire      57%        2d14      7%          4
 Fulminant Prism          Conj/Hex       28%        3d14      7%          4
 Iskenderun's Mystic Bla  Conj/Tloc      57%        2d12      7%          4
 Sticky Flame             Conj/Fire      57%        2d7       7%          4
 Vhi's Electric Charge    Tloc/Air       34%        N/A       8%          3
 Inner Flame              Hex/Fire       11%        N/A       10%         3
 Arcjolt                  Conj/Air       31%        1d41      14%         5
 Lightning Bolt           Conj/Air       31%        1d48      14%         5


Dungeon Overview and Level Annotations

Branches:
Dungeon (6/15)             Temple (1/1) D:4

Altars:
Cheibriados
Dithmenos
Hepliaklqana
Nemelex Xobeh
Okawaru
Ru
Sif Muna
Uskayaw
Vehumet
Wu Jian
Xom
Yredelemnul
Zin
The Shining One

Shops:
D:2 ?


Innate Abilities, Weirdness & Mutations

You cannot wear most types of armour.
You are amphibious.
You can wear up to eight rings at the same time.
Your skin changes colour to match your surroundings (Stealth+).
Your rubbery body absorbs attacks. (AC +1, EV +1)
((You are camouflaged when in or above water. (Stealth+)))
You have tentacles for arms and can constrict up to eight enemies at once.
You are dopey. (Int -2)


Message History

You feel a surge of power!
The magic dart hits the two-headed ogre.
The two-headed ogre is lightly wounded.
You feel a surge of power!
The magic dart hits the two-headed ogre.
The two-headed ogre is lightly wounded.
An orc comes into view. It is wielding a +0 dagger.
The orc moves out of view.
You feel a surge of power!
The magic dart hits the two-headed ogre.
The two-headed ogre is lightly wounded.
Your battlesphere fires!
The barrage of energy hits the two-headed ogre!
The two-headed ogre is moderately wounded.
You feel a surge of power!
The magic dart hits the two-headed ogre.
The two-headed ogre is moderately wounded.
Your battlesphere fires!
The barrage of energy hits the orc!
You kill the orc!
Vehumet accepts your kill.
You feel your power returning.
You feel a surge of power!
The magic dart hits the two-headed ogre.
The two-headed ogre is heavily wounded.
Your battlesphere fires!
The barrage of energy hits the two-headed ogre!
The two-headed ogre is severely wounded.
The two-headed ogre hits you with a +0 giant spiked club!!
Ouch! That really hurt!
The two-headed ogre misses you.
You hit the two-headed ogre.
The two-headed ogre is severely wounded.
Your battlesphere fires!
The barrage of energy hits the two-headed ogre!
The two-headed ogre is almost dead.
You barely miss the two-headed ogre.
The two-headed ogre is almost dead.
The two-headed ogre hits you with a +0 giant spiked club!!
You die...

####### ....... .......
....... ##########
##+##...)..) .........#
#.....# .........#
#..@O.# .........#
#.....#..
.........#####.....)...
................*..####
#..................#
#..................#
'..................#
#..................#
#####..............#


You could see a two-headed ogre (ally target) and a friendly battlesphere.

Vanquished Creatures
  A two-headed ogre (D:5)
  The ghost of IdlyInterested the Slasher, an amateur FoGl (D:4)
  A water moccasin (D:6)
  Duvessa (D:5)
  An ice beast (D:5)
  Blork the orc (D:4)
  A bullfrog (D:4)
  2 scorpions
  A necrophage (D:2)
  Dowan (D:5)
  2 orc priests
  A hound (D:5)
  A jelly (D:6)
  3 iguanas
  6 orc wizards
  12 gnolls
  8 adders
  2 white imps
  An ufetubus (D:5)
  3 worms (D:4)
  A dart slug (D:4)
  10 orcs
  3 bats
  8 endoplasms
  3 giant cockroaches
  7 hobgoblins
  7 jackals
  6 kobolds
  5 quokkas
  8 ball pythons
  2 frilled lizards
  4 goblins
  3 rats
117 creatures vanquished.

Notes
Turn   | Place    | Note
-------+----------+-------------------------------------------
     0 | D:1      | Hubris850 the Octopode Conjurer began the quest for the
                  | Orb.
     0 | D:1      | Reached XP level 1. HP: 11/11 MP: 3/3
   108 | D:1      | Reached XP level 2. HP: 5/17 MP: 5/5
   997 | D:1      | Reached XP level 3. HP: 17/21 MP: 6/6
  1248 | D:2      | Found Doddoiw's Magic Scroll Shoppe.
  1346 | D:2      | Noticed a necrophage
  1353 | D:2      | Killed a necrophage
  1354 | D:2      | Reached XP level 4. HP: 20/27 MP: 8/8
  1357 | D:2      | Learned a level 2 spell: Searing Ray
  1457 | D:2      | Reached skill level 5 in Conjurations
  1537 | D:2      | Reached XP level 5. HP: 17/31 MP: 10/10
  2166 | D:3      | Identified the +3 short sword of the Manifold Quests
                  | {flame, rElec Int+5}
  2292 | D:3      | Reached XP level 6. HP: 36/36 MP: 2/12
  2495 | D:3      | Found an iron altar of Okawaru.
  2545 | D:3      | Identified 4 scrolls of acquirement
  2546 | D:3      | Acquired the +0 staff of Battle
  2546 | D:3      | Found the +0 staff of Battle
  2549 | D:3      | Acquired a +6 ring of intelligence
  2552 | D:3      | Acquired the ring of Youthful Indiscretion {EV+5 Str-2
                  | Int+8}
  2555 | D:3      | Acquired an amulet "Gegeju Zosk" {Reflect rElec Dex-3
                  | Slay+5 SH+5 Stlth+}
  2587 | D:3      | Identified the +2 robe of Binutifa {rPois Dex+5}
  2704 | D:3      | Found a faded altar of an unknown god.
  2856 | D:4      | Reached skill level 6 in Conjurations
  2860 | D:4      | Found a runed translucent door.
  2870 | D:4      | Reached skill level 1 in Short Blades
  2883 | D:4      | Found a staircase to the Ecumenical Temple.
  2893 | Temple   | Entered the Ecumenical Temple
  3099 | Temple   | Became a worshipper of Vehumet
  3392 | D:4      | Noticed IdlyInterested's ghost (amateur FoGl)
  3522 | D:4      | Reached XP level 7. HP: 37/41 MP: 11/14
  3591 | D:4      | Reached skill level 1 in Staves
  3701 | D:4      | Noticed Blork the orc
  3708 | D:4      | Killed Blork the orc
  3833 | D:4      | Reached skill level 5 in Spellcasting
  3834 | D:4      | Reached * piety under Vehumet
  3834 | D:4      | Offered knowledge of Foxfire by Vehumet.
  4159 | D:4      | Gained mutation: You are dopey. (Int -2) [potion of
                  | mutation]
  4159 | D:4      | Gained mutation: You are clumsy. (Dex -2) [potion of
                  | mutation]
  4159 | D:4      | Lost mutation: You are clumsy. (Dex -2) [potion of
                  | mutation]
  4168 | D:4      | Reached skill level 1 in Fighting
  4171 | D:4      | Killed IdlyInterested's ghost
  4172 | D:4      | Reached XP level 8. HP: 51/51 MP: 14/16
  4237 | D:5      | Entered Level 5 of the Dungeon
  4238 | D:5      | Noticed a two-headed ogre
  4247 | D:5      | Killed a two-headed ogre
  4248 | D:5      | Reached skill level 7 in Conjurations
  4254 | D:5      | Reached skill level 5 in Fighting
  4417 | D:5      | Reached XP level 9. HP: 61/61 MP: 9/18
  4492 | D:5      | Learned a level 2 spell: Static Discharge
  4506 | D:5      | Noticed Dowan
  4507 | D:5      | Noticed Duvessa
  4508 | D:5      | Killed Dowan
  4513 | D:5      | Killed Duvessa
  4597 | D:5      | Reached skill level 1 in Air Magic
  5217 | D:6      | Noticed a two-headed ogre
  5228 | D:6      | Slain by a two-headed ogre

Illustrated notes

Levels and vault maps discovered:
D:1:      dpeg_arrival_boxes_within_box, layout_basic
D:2:      layout_loops_ring, serial_shops, shop, nicolae_kite_square_tiling_tiny
D:3:      layout_rooms, okawaru_metal_pillars_3, ebering_ecumenical_altar_rust
D:4:      layout_basic, minmay_temple_entry_overgrown, ebering_ghost_sewer_d,
          minmay_manual_monstrance, uniq_blork_the_orc
D:5:      layout_basic, uniq_duvessa
D:6:      layout_gridville, mainiacjoe_overflow_tiny_flanked,
          grunt_temple_overflow_open, cheibrodos_ashenzari_chains, minivault_5,
          minmay_pentangle
Temple:   oiseaux_autumnal_temple

Skill      XL: |  1  2  3  4  5  6  7  8  9 |
---------------+----------------------------+-----
Spellcasting   | 3 4 5 6 |  6.4
Conjurations   | 5 6 7 |  7.9
Short Blades   | 1 |  1.4
Staves         | 2 4 |  4.6
Fighting       | 2 5 6 |  6.1
Air Magic      | 1 |  1.4
Dodging        | |  2.0
Stealth        | |  2.6

Action                     |  1- 3 |  4- 6 |  7- 9 || total
---------------------------+-------+-------+-------++-------
  Melee: Unarmed           |    47 |       |       ||    47
         Tentacles         |    15 |    27 |     8 ||    50
         Constrict         |    15 |    24 |    11 ||    50
         Short sword       |    19 |    60 |       ||    79
         Punch             |     1 |     1 |       ||     2
         Staff             |       |    25 |    44 ||    69
   Cast: Magic Dart        |       |    56 |    60 ||   116
         Searing Ray       |       |     1 |       ||     1
    Use: Scroll            |     6 |     5 |       ||    11
         Potion            |       |       |     6 ||     6
   Stab: Sleeping          |     7 |     3 |     4 ||    14
 Armour: Skin              |    11 |    16 |     3 ||    30
  Dodge: Dodged            |    33 |    61 |    19 ||   113
  Block: Other             |       |     3 |     6 ||     9

Table legend: (Time is in decaauts)
 A = Elapsed time spent in this place.
 B = Non-inter-level travel time spent in this place.
 C = Inter-level travel time spent in this place.
 D = Time resting spent in this place.
 E = Time spent auto-exploring this place.
 F = Levels seen in this place.
 G = Mean time per level.
                   A        B        C        D        E       F      G
               +--------+--------+--------+--------+--------+-----+--------+
         Total |   5247 |   5008 |    239 |    421 |   3802 |   7 |  749.6 |
       Dungeon |   5011 |   4815 |    196 |    421 |   3623 |   6 |  835.2 |
        Temple |    236 |    193 |     43 |      0 |    179 |   1 |  236.0 |
               +--------+--------+--------+--------+--------+-----+--------+

Top non-repeatable levels by time:
     D:4: 1172 daAuts
     D:1: 1172 daAuts
     D:2: 966 daAuts
     D:5: 769 daAuts
     D:3: 710 daAuts
  Temple: 236 daAuts
     D:6: 221 daAuts
